 Dungeon Crawl Stone Soup version 0.19.5 (webtiles) character file.

175 asegelite the Insei (level 5, -6/34 HPs)
             Began as an Octopode Transmuter on Apr 20, 2017.
             Mangled by an ogre
             ... wielding a +0 giant club
              (10 damage)
             ... on level 4 of the Dungeon.
             The game lasted 00:05:45 (2828 turns).

asegelite the Insei (Octopode Transmuter)           Turns: 2828, Time: 00:05:47

Health: -6/34      AC:  1    Str: 14    XL:     5   Next: 55%
Magic:  6/9        EV: 14    Int: 17    God:
Gold:   204        SH:  0    Dex: 12    Spells: 2 memorised, 5 levels left

rFire  . . .     SeeInvis .       - Unarmed
rCold  . . .     Gourm    .     (no shield)
rNeg   . . .     Faith    +     (helmet restricted)
rPois  .         Spirit   .     s - amulet of faith
rElec  .         Reflect  .     t - +5 ring of strength
rCorr  .         Harm     .     (no ring)
MR     .....                    (no ring)
Stlth  +++.......               (no ring)
                                (no ring)
                                (no ring)
                                (no ring)
                                (no ring)

@: lethally poisoned (-6 -> -7), very slightly contaminated
A: almost no armour, stealthy swim, amphibious, 8 rings, constrict 8, camouflage
1, gelatinous body 1
a: no special abilities


You were on level 4 of the Dungeon.
You were not hungry.

You visited 1 branch of the dungeon, and saw 4 of its levels.

You collected 204 gold pieces.

Inventory:

Missiles
 a - 110 arrows
Jewellery
 m - an uncursed amulet of rage
 s - an amulet of faith (around mantle)
 t - a +5 ring of strength (left tentacle)
Wands
 g - a wand of paralysis (13/24)
Scrolls
 e - 7 scrolls of identify {unknown}
 i - a scroll of noise {unknown}
 l - a scroll of teleportation {unknown}
 o - a scroll of magic mapping {unknown}
 p - a scroll of immolation {unknown}
 r - a scroll of enchant armour {unknown}
 u - a scroll of recharging {unknown}
Potions
 d - a potion of flight {unknown}
 f - a potion of haste {unknown}
 j - 2 potions of agility {unknown}
 q - 2 potions of resistance {unknown}
Books
 b - a book of Changes

   Spells                             Type                      Level
   a - Beastly Appendage              Transmutation                1
   b - Sticks to Snakes               Transmutation                2
   c - Spider Form                    Transmutation/Poison         3
   d - Ice Form                       Ice/Transmutation            4
   e - Blade Hands                    Transmutation                5
Comestibles
 c - 3 bread rations
 h - 3 meat rations
 k - a slice of pizza
 n - 7 fruits


   Skills:
 + Level 2.0 Fighting
 + Level 2.7 Dodging
 - Level 1.5 Stealth
 + Level 3.5 Unarmed Combat
 + Level 2.7 Spellcasting
 * Level 2.8 Transmutations
 * Level 2.0 Poison Magic
 + Level 0.7 Evocations


You had 5 spell levels left.
You knew the following spells:

 Your Spells              Type           Power        Failure   Level  Hunger
a - Beastly Appendage     Tmut           ##....       6%          1    #......
s - Spider Form           Tmut/Pois      ##........   21%         3    ###....


Dungeon Overview and Level Annotations

Branches:
Dungeon (4/15)
 Temple: D:4-7

Altars:
Makhleb
Qazlal
The Shining One


Innate Abilities, Weirdness & Mutations

You cannot wear most types of armour.
You are very stealthy in the water. (Stealth+)
You are amphibious.
You can wear up to eight rings at the same time.
You can use your tentacles to constrict eight enemies at once.
Your skin changes colour to match your surroundings (Stealth+).
Your rubbery body absorbs attacks. (AC +1, EV +1)


Message History

You kill the giant cockroach!
You hit the ogre.
The ogre is poisoned.
The ogre is lightly wounded.
The ogre closely misses you.
You hit the ogre.
The ogre looks as sick as possible!
The ogre is lightly wounded.
You feel sick. The ogre closely misses you.
You hit the ogre but do no damage.
The ogre looks as sick as possible!
The ogre is lightly wounded.
You hit the ogre.
The ogre looks as sick as possible!
The ogre is moderately wounded.
Your transformation has ended.
The ogre hits you with a giant club!
* * * LOW HITPOINT WARNING * * *
You feel sick.
You feel sick.
There is a stone staircase leading up here.
You feel sick.
You feel sick. The ogre hits you with a giant club!
You die...

#.w....##.........
#.................
#...<..##.########
#.......#.#######
####.##.#........
#.##..######## #.###.## #.#
##O###..# # #.# ##@#.###.# ##
#.###.###.##.# .## #.##.##
##.#.## #.# #.#.## ##...#
.##### #.##.## #.........
.....######.###.###.#.#.#####
####........)..#.#.##.#.#
########........##.#..
.........####.##.##.#


You could see an ogre.

Vanquished Creatures
  An orc wizard (D:4)
  2 worker ants (D:4)
  3 adders
  An ooze (D:4)
  A worm (D:3)
  2 dart slugs (D:2)
  A leopard gecko (D:2)
  2 orcs (D:4)
  6 bats
  5 giant cockroaches
  6 goblins
  8 hobgoblins
  4 jackals
  8 kobolds
  A quokka (D:3)
  2 ball pythons
  2 frilled lizards
  6 rats
61 creatures vanquished.

Notes
Turn   | Place    | Note
-------+----------+-------------------------------------------
     0 | D:1      | asegelite the Octopode Transmuter began the quest for the Orb.
     0 | D:1      | Reached XP level 1. HP: 13/13 MP: 3/3
   217 | D:1      | Reached XP level 2. HP: 18/18 MP: 5/5
   330 | D:1      | Reached skill level 1 in Stealth
   672 | D:1      | Found a glowing golden altar of the Shining One.
   841 | D:2      | Reached XP level 3. HP: 16/23 MP: 6/6
  1326 | D:2      | Learned a level 3 spell: Spider Form
  1766 | D:3      | Reached XP level 4. HP: 23/29 MP: 7/7
  1899 | D:3      | Found a glowing golden altar of the Shining One.
  2055 | D:3      | Found a burning altar of Makhleb.
  2059 | D:3      | Noticed a blizzard demon
  2421 | D:4      | Reached skill level 1 in Poison Magic
  2423 | D:4      | Found a stormy altar of Qazlal.
  2480 | D:4      | Reached XP level 5. HP: 19/34 MP: 7/9
  2779 | D:4      | Noticed an ogre
  2828 | D:4      | Mangled by an ogre

Skill      XL: |  1  2  3  4  5 |
---------------+----------------+-----
Stealth        | 1 |  1.5
Fighting       | 2 |  2.0
Poison Magic   | 1 2 |  2.0
Dodging        | |  2.7
Unarmed Combat | |  3.5
Spellcasting   | |  2.7
Transmutations | |  2.8
Evocations     | |  0.7

Action                   |  1- 3 |  4- 6 || total
-------------------------+-------+-------++-------
Melee: Unarmed           |    86 |    64 ||   150
       Constrict         |    19 |     7 ||    26
       Tentacles         |    11 |     5 ||    16
       Punch             |     3 |     1 ||     4
       Kick              |     2 |     7 ||     9
 Cast: Beastly Appendage |     4 |     2 ||     6
       Spider Form       |       |     2 ||     2
 Stab: Sleeping          |    11 |     4 ||    15
  Eat: Chunk             |     3 |     3 ||     6
Armor: Skin              |    13 |     6 ||    19
Dodge: Dodged            |    61 |    49 ||   110
